 Dungeon Crawl Stone Soup version 0.22-a0-253-gf9d0ce5 (webtiles) character file.

447 MatthieuS the Skirmisher (level 7, -1/59 HPs)
             Began as a Human Wanderer on Mar 2, 2018.
             Was an Initiate of Ashenzari.
             Slain by Pikel
             ... wielding a +2 whip of flaming
              (3 damage)
             ... on level 4 of the Dungeon on Mar 3, 2018.
             The game lasted 00:11:14 (3869 turns).

MatthieuS the Skirmisher (Human Wanderer)           Turns: 3869, Time: 00:11:15

Health: -1/59      AC:  5    Str: 18    XL:     7   Next: 24%
Magic:  8/8        EV:  9    Int:  9    God:    Ashenzari [......]
Gold:   200        SH:  8    Dex: 12    Spells: 7/7 levels left

rFire    . . .     SeeInvis .   a - +2 mace
rCold    . . .     Gourm    .   i - +0 shield
rNeg     . . .     Faith    .   b - +0 ring mail
rPois    .         Spirit   .   (no helmet)
rElec    .         Reflect  .   (no cloak)
rCorr    .         Harm     .   (no gloves)
MR       .....                  (no boots)
Stlth    +.........             (no amulet)
HPRegen  0.19/turn              (no ring)
MPRegen  0.11/turn              (no ring)

@: about to teleport
A: no striking features
a: Curse Item, Renounce Religion


You were on level 4 of the Dungeon.
You worshipped Ashenzari.
Ashenzari was noncommittal.
You were not hungry.

You visited 1 branch of the dungeon, and saw 4 of its levels.

You collected 200 gold pieces.

Inventory:

Hand Weapons
 a - a +2 mace (weapon)
Armour
 b - a +0 ring mail (worn)
 i - a +0 shield (worn)
Magical Staves
 f - an uncursed staff of earth
Jewellery
 j - an uncursed ring of protection from cold
Wands
 g - a wand of enslavement (11)
Scrolls
 e - a scroll of enchant weapon
 k - a scroll of magic mapping {unknown}
 l - 4 scrolls of remove curse
 m - 2 scrolls of teleportation
 n - a scroll of amnesia {unknown}
 q - a scroll of fog {unknown}
 r - a scroll of immolation {unknown}
Potions
 o - a potion of resistance
 s - a potion of magic
Comestibles
 d - 6 rations


   Skills:
 + Level 6.8 Fighting
 + Level 3.5 Maces & Flails
 - Level 1.0 Throwing
 + Level 2.8 Armour
 + Level 3.0 Dodging
 - Level 1.0 Stealth
 + Level 2.4 Shields
 - Level 0.8 Spellcasting


You had 7 spell levels left.
You didn't know any spells.

Dungeon Overview and Level Annotations

Branches:
Dungeon (4/15)
 Temple: D:4-7

Altars:
Ashenzari
Wu Jian
Yredelemnul

Annotations:
D:4 Pikel


Message History

You closely miss Pikel.
Pikel is moderately wounded.
Pikel hits you with a whip of flaming!
* * * LOW HITPOINT WARNING * * *
Pikel burns you.
* * * LOW HITPOINT WARNING * * *
You hit Pikel but do no damage.
Pikel is moderately wounded.
You block Pikel's attack.
You barely miss Pikel.
Pikel is moderately wounded.
Pikel barely misses you. Pikel hits you with a whip of flaming.
* * * LOW HITPOINT WARNING * * *
Pikel burns you.
* * * LOW HITPOINT WARNING * * *
As you read the scroll of teleportation, it crumbles to dust.
You feel strangely unstable. Pikel hits you with a whip of flaming.
* * * LOW HITPOINT WARNING * * *
Pikel burns you.
You die...

#. ###.#### ###... .
#......# #### ## #......# #
. #......# o. #......# #####
.. #......# #...# ###.######
#......# #...#
.......op####......#####...#
.$....Oop.pK@............).#
......?op###################
##########


You could see Pikel, an ogre, 4 slaves and 3 orcs.

Vanquished Creatures
  2 orc priests (D:4)
  3 orc wizards (D:4)
  2 bullfrog skeletons (D:4)
  3 worker ants (D:4)
  5 adders
  A worm (D:2)
  4 dart slugs
  9 orcs
  8 bats
  7 giant cockroaches
  14 goblins
  11 hobgoblins
  15 jackals
  2 quokkas (D:3)
  A ball python (D:3)
  4 frilled lizards
  2 gnoll zombies (D:3)
  16 kobolds
  A quokka skeleton (D:4)
  9 rats
119 creatures vanquished.

Notes
Turn   | Place    | Note
-------+----------+-------------------------------------------
     0 | D:1      | MatthieuS the Human Wanderer began the quest for the Orb.
     0 | D:1      | MatthieuS set off with: a +2 mace, a +0 ring mail, a potion of curing, a ration
     0 | D:1      | Reached XP level 1. HP: 22/22 MP: 1/1
    47 | D:1      | Reached XP level 2. HP: 28/28 MP: 2/2
   242 | D:1      | Reached skill level 1 in Dodging
   279 | D:1      | Reached XP level 3. HP: 34/34 MP: 4/4
   422 | D:1      | Reached skill level 1 in Armour
   644 | D:2      | Reached XP level 4. HP: 33/40 MP: 5/5
   835 | D:2      | Reached skill level 1 in Shields
  1180 | D:3      | Reached XP level 5. HP: 29/47 MP: 6/6
  1780 | D:3      | Found an ornate altar of the Wu Jian Council.
  1816 | D:3      | Found a shattered altar of Ashenzari.
  1854 | D:3      | Became a worshipper of Ashenzari the Shackled
  2479 | D:3      | Found a basalt altar of Yredelemnul.
  2610 | D:4      | Reached XP level 6. HP: 31/53 MP: 7/7
  2830 | D:4      | Noticed an ogre
  3356 | D:4      | Reached XP level 7. HP: 42/59 MP: 8/8
  3840 | D:4      | Noticed Pikel
  3869 | D:4      | HP: 2/59 [Pikel/whip of flaming (6)]
  3869 | D:4      | Slain by Pikel

Vault maps used:
D:1:      scummos_arrival_simple_fountains
D:3:      evilmike_ruin_ashenzari, lemuel_zombie_altar_yredelemnul,
          lemuel_doored_altar
D:4:      first_ration, minmay_vboxes, uniq_pikel

Skill      XL: |  1  2  3  4  5  6  7 |
---------------+----------------------+-----
Dodging        | 1 2 3 |  3.0
Armour         | 1 2 |  2.8
Shields        | 1 2 |  2.4
Maces & Flails | 3 |  3.5
Fighting       | |  6.8
Throwing       | |  1.0
Stealth        | |  1.0
Spellcasting   | |  0.8

Action                   |  1- 3 |  4- 6 |  7- 9 || total
-------------------------+-------+-------+-------++-------
Melee: Mace              |    84 |   249 |    52 ||   385
  Use: Potion            |       |     5 |       ||     5
       Scroll            |       |     7 |     1 ||     8
  Eat: Chunk             |       |     7 |       ||     7
       Ration            |       |     1 |       ||     1
Armor: Ring mail         |    48 |   120 |    11 ||   179
Dodge: Dodged            |    44 |   134 |    28 ||   206
Block: Shield            |    29 |   128 |    18 ||   175

Table legend:
 A = Spawn XP
 B = Non-spawn XP
 C = Spawn XP percentage of total XP
 D = Spawn monster count
 E = Non-spawn monster count
 F = Spawn count percentage of total count
 G = Total turns spent on level
                    A         B        C        D         E        F      G
               +---------+---------+-------+---------+---------+-------+---------
         Total |       0 |     639 |   0.0 |       0 |     119 |   0.0 |  3869
               +---------+---------+-------+---------+---------+-------+---------
           D:1 |       0 |      39 |   0.0 |       0 |      25 |   0.0 |   559
           D:2 |       0 |      89 |   0.0 |       0 |      35 |   0.0 |   765
           D:3 |       0 |     110 |   0.0 |       0 |      41 |   0.0 |  1724
           D:4 |       0 |     401 |   0.0 |       0 |      18 |   0.0 |   821
               +---------+---------+-------+---------+---------+-------+---------
